 Dungeon Crawl Stone Soup version 0.28-a0-1493-g08698888e4 (webtiles) character file.

Game seed: 14363418260622778312

128 murtidash the Magician (level 5, -2/35 HPs)
             Began as a Djinni Ice Elementalist on Jan 12, 2022.
             Slain by Ijyb (5 damage)
             ... on level 3 of the Dungeon.
             The game lasted 00:03:19 (2834 turns).

murtidash the Magician (Djinni Ice Elementalist)    Turns: 2834, Time: 00:03:19

Health: -2/35      AC:  2    Str:  7    XL:     5   Next: 34%
Gold:   49         EV: 12    Int: 19    God:
                   SH:  0    Dex: 13

rFire   + + .      SeeInvis +   d - +1 dagger (protect)
rCold   x . .      Faith    .   (no shield)
rNeg    + . .      Spirit   .   a - +0 robe
rPois   ∞          Reflect  .   (no helmet)
rElec   .          Harm     .   (no cloak)
rCorr   .          Rampage  .   (no gloves)
Will    .....                   (boots unavailable)
Stlth   ++........              (no amulet)
HPRegen 0.11/turn               e - ring of positive energy {rN+}
MPRegen 0.00/turn               f - ring of see invisible {sInv, !d}

@: flying
A: sickness immunity, fire resistance 2, cold vulnerability 1, float, innate
caster, hp casting, extra vitality 1
a: no special abilities


You were on level 3 of the Dungeon.
You visited 1 branch of the dungeon, and saw 3 of its levels.

You collected 49 gold pieces.

Inventory:

Hand Weapons
 d - a +1 dagger of protection (weapon)
   (You took it off a goblin on level 1 of the Dungeon)
Armour
 a - a +0 robe (worn)
Jewellery
 e - a ring of positive energy (left hand) {rN+}
   (You found it on level 1 of the Dungeon)
 f - a ring of see invisible (right hand) {sInv, !d}
   (You found it on level 1 of the Dungeon)
Scrolls
 b - 5 scrolls of identify {unknown}
 h - a scroll of immolation {unknown}
 i - a scroll of teleportation {unknown}
 j - a scroll of noise {unknown}
 k - a scroll of magic mapping {unknown}
 l - a scroll of enchant weapon {unknown}
 m - a scroll of amnesia {unknown}
Potions
 c - a potion of attraction {unknown}
 g - a potion of curing {unknown}


   Skills:
 - Level 2.1 Dodging
 - Level 1.5 Stealth
 + Level 4.9 Spellcasting


You couldn't memorise any spells.
You knew the following spells:

 Your Spells              Type           Power      Damage    Failure   Level
a - Frozen Ramparts       Ice            46%        1d6       4%          3
A - Ozocubu's Armour      Ice            23%        N/A       4%          3
M - Wereblood             Tmut           23%        N/A       2%          2
U - Shock                 Conj/Air       92%        1d8       1%          1
X - Hailstorm             Conj/Ice       23%        3d7       16%         4
Z - Freeze                Ice            92%        1d10      1%          1
Your spell library was empty.

Dungeon Overview and Level Annotations

Branches:
Dungeon (3/15)

Altars:
Cheibriados

Annotations:
D:3 Ijyb


Innate Abilities, Weirdness & Mutations

You are immune to sickness and miasma.
You are immune to poison.
Your flesh is very heat resistant. (rF++)
You are vulnerable to cold. (rC-)
You float through the air rather than walking.
You learn spells naturally, not from books.
Your magical power is your life essence.
You have superior vitality. (+4 MHP)


Message History

The walls around you are covered in ice.
The wall freezes the goblin.
You kill the goblin!
You take 3 damage, and have 32/35 hp.
You can't see any susceptible monsters within range! (Use Z to cast anyway.)
The frozen ramparts melt away.
A rat comes into view.
You regained 2 hp, and now have 34/35 hp.
A rat is nearby!
You can't see any susceptible monsters within range! (Use Z to cast anyway.)
You can't see any susceptible monsters within range! (Use Z to cast anyway.)
You can't see any susceptible monsters within range! (Use Z to cast anyway.) Health restored: 35 You hit the rat.
Your weapon exudes an aura of protection.
The rat completely misses you.
You hit the rat.
You kill the rat!
No target in view!
Things that are here:
a +0 dagger; a goblin corpse
m - a scroll labelled BIF TUUCSA You now have 49 gold pieces (gained 5).
A quokka comes into view.
Found a stone staircase leading down.
You can't see any susceptible monsters within range! (Use Z to cast anyway.)
Aim: a quokka (asleep)
You freeze the quokka.
The quokka bites you but does no damage.
You take 1 damage, and have 34/35 hp.
Aim: a quokka (almost dead)
You freeze the quokka!
You kill the quokka!
You take 1 damage, and have 33/35 hp.
You can't see any susceptible monsters within range! (Use Z to cast anyway.)
You see here 6 silver boomerangs.
There is a stone staircase leading up here.
Done exploring.
Health restored: 35 Done exploring.
There is a stone staircase leading down here.
You fly downwards.
There is a stone staircase leading up here.
A stone staircase leading up.
The walls around you are covered in ice.
You take 3 damage, and have 32/35 hp.
What are your orders? t - Shout!
Orders for allies: a - Attack new target. r - Retreat! s - Stop attacking. g - Guard the area. f - Follow me.
Anything else - Cancel.
You shout for attention!
The adder hisses angrily.
You cannot sustain more frozen ramparts right now.
Unknown command.
Unknown command.
A film of ice covers your body!
You take 3 damage, and have 29/35 hp.
You closely miss the adder.
The wall freezes the adder.
The adder bites you but does no damage.
Aim: an adder (lightly wounded)
You freeze the adder!
The wall freezes the adder but does no damage.
The adder closely misses you.
Aim: an adder (almost dead)
You freeze the adder!
You kill the adder!
You take 1 damage, and have 28/35 hp.
The frozen ramparts melt away.
Your icy armour starts to melt.
Your icy armour evaporates.
Found a stone staircase leading down.
Health restored: 35
Found a stone staircase leading down.
You reach down and open the door.
Ijyb the Twisted Goblin comes into view.
She is wielding a +6 club and carrying a wand of iceblast (8).
Found a faded altar of an unknown god.
Ijyb shouts!
Ijyb zaps a wand.
The mass of ice explodes!
The iceblast engulfs you!
You feel a painful chill!
You take 15 damage, and have 20/35 hp.
MASSIVE DAMAGE!!
You can't see any susceptible monsters within range! (Use Z to cast anyway.)
The walls around you are covered in ice.
You take 2 damage, and have 18/35 hp.
Ijyb screams, "Get away!"
Aim: Ijyb, wielding a +6 club, wearing a +0 leather armour and carrying a wand of iceblast (7)
You freeze Ijyb!
The wall freezes Ijyb.
Ijyb hits you with a +6 club!
* * * LOW HITPOINT WARNING * * *
You take 8 damage, and have 10/35 hp.
MASSIVE DAMAGE!!
Aim: Ijyb, wielding a +6 club, wearing a +0 leather armour and carrying a wand of iceblast (7) (moderately wounded)
You freeze Ijyb.
* * * LOW HITPOINT WARNING * * *
The frozen ramparts melt away.
Ijyb hits you with a +6 club.
* * * LOW HITPOINT WARNING * * *
You take 7 damage, and have 3/35 hp.
Aim: Ijyb, wielding a +6 club, wearing a +0 leather armour and carrying a wand of iceblast (7) (heavily wounded)
You freeze Ijyb!
* * * LOW HITPOINT WARNING * * *
Ijyb hits you with a +6 club.
You die...

.#.._..# . .#...g.#.##
##....##..#
###....##...# .
#.....##....## ..⌠
#...##.⌠.....
.....##g##.....# #
........@......# ###[##
###.#######....# .)..#
#.........#.## ###...##
#########.#..###...#..#
#.##.##........
#..#.........##
##..#...).....#
##(##......<.#
#.###....†#.#


You could see Ijyb.

Vanquished Creatures
  A scorpion (D:2)
  A gnoll (D:1)
  2 adders
  3 dart slugs
  4 endoplasms
  A giant cockroach (D:1)
  4 goblins
  4 hobgoblins
  2 jackals (D:1)
  2 quokkas
  3 ball pythons (D:1)
  A bat (D:2)
  2 frilled lizards (D:1)
  4 kobolds
  4 rats
38 creatures vanquished.

Vanquished Creatures (others)
  4 withered plants (D:2)
4 creatures vanquished.

Grand Total: 42 creatures vanquished

Notes
Turn   | Place    | Note
-------+----------+-------------------------------------------
     0 | D:1      | murtidash the Djinni Ice Elementalist began the quest for
                  | the Orb.
     0 | D:1      | Reached XP level 1. HP: 15/15 MP: 0/0
   308 | D:1      | Reached XP level 2. HP: 18/21 MP: 0/0
   986 | D:1      | Reached XP level 3. HP: 19/25 MP: 0/0
   986 | D:1      | Learned a level 1 spell: Shock
  1007 | D:1      | Reached skill level 4 in Spellcasting
  1631 | D:2      | Found a snail-covered altar of Cheibriados.
  1866 | D:2      | Found a faded altar of an unknown god.
  1866 | D:2      | Noticed a scorpion
  1876 | D:2      | Reached XP level 4. HP: 25/31 MP: 0/0
  1877 | D:2      | Killed a scorpion
  1878 | D:2      | Reached XP level 5. HP: 20/35 MP: 0/0
  1878 | D:2      | Learned a level 2 spell: Wereblood
  2823 | D:3      | Found a faded altar of an unknown god.
  2823 | D:3      | Noticed Ijyb
  2833 | D:3      | HP: 3/35 [Ijyb (6)]
  2834 | D:3      | Slain by Ijyb

Illustrated notes

Levels and vault maps discovered:
D:1:      sevenhm_arrival_forest_fort_small_5, layout_loops_ring
D:2:      layout_loops_ring, basic_altar, ebering_ecumenical_altar_petrified,
          kennysheep_generic_room_12
D:3:      layout_rooms, general_overflow_altar,
          nicolae_overflow_ecumenical_swirl, roderic_malta_cross, uniq_ijyb,
          uniq_crazy_yiuf_cottage, uniq_sigmund

Skill      XL: |  1  2  3 |
---------------+----------+-----
Spellcasting   | 4 |  4.9
Dodging        | |  2.1
Stealth        | |  1.5

Action                   |  1- 3 |  4- 6 || total
-------------------------+-------+-------++-------
Melee: Unarmed           |     1 |       ||     1
       Dagger            |     5 |     7 ||    12
       Punch             |     1 |       ||     1
 Cast: Freeze            |    39 |    19 ||    58
       Shock             |     3 |       ||     3
       Frozen Ramparts   |     1 |     4 ||     5
       Ozocubu's Armour  |       |     1 ||     1
Armor: Robe              |     7 |     4 ||    11
Dodge: Dodged            |    20 |     5 ||    25

Table legend: (Time is in decaauts)
 A = Elapsed time spent in this place.
 B = Non-inter-level travel time spent in this place.
 C = Inter-level travel time spent in this place.
 D = Time resting spent in this place.
 E = Time spent auto-exploring this place.
 F = Levels seen in this place.
 G = Mean time per level.
                   A        B        C        D        E       F      G
               +--------+--------+--------+--------+--------+-----+--------+
         Total |   2832 |   2795 |     37 |      7 |   2517 |   3 |  944.0 |
       Dungeon |   2832 |   2795 |     37 |      7 |   2517 |   3 |  944.0 |
               +--------+--------+--------+--------+--------+-----+--------+

Top non-repeatable levels by time:
     D:1: 1629 daAuts
     D:2: 1088 daAuts
     D:3: 113 daAuts

Table legend:
 A = Kills in this place as a percentage of kills in entire the game.
 B = Kills by you in this place as a percentage of kills by you in the entire game.
 C = Kills by friends in this place as a percentage of kills by friends in the entire game.
 D = Other kills in this place as a percentage of other kills in the entire game.
 E = Experience gained in this place as a percentage of experience gained in the entire game.
 F = Experience gained in this place divided by the number of levels of this place that you have seen.
                   A       B       C       D       E      F
               +-------+-------+-------+-------+-------+----------------------
         Total | 100.0 | 100.0 |   N/A |   N/A | 100.0 |  61.3
       Dungeon | 100.0 | 100.0 |   N/A |   N/A | 100.0 |  61.3
               +-------+-------+-------+-------+-------+----------------------
